 Dungeon Crawl Stone Soup version 0.15.1-4-gac8487e (webtiles) character file.

507 Johnny the Chiller (level 6, -3/50 HPs)
             Began as a Demigod Ice Elementalist on Oct 14, 2014.
             Slain by a hound (6 damage)
             ... on Level 6 of the Dungeon.
             The game lasted 00:15:23 (5612 turns).

Johnny the Chiller (Demigod Ice Elementalist)       Turns: 5612, Time: 00:15:23

HP  -3/50        AC  0     Str 17      XL: 6   Next: 65%
MP   3/17        EV 13     Int 21      God:
Gold 89          SH  0     Dex 18      Spells:  2 memorised,  6 levels left

rFire  . . .     SeeInvis .     n - +2 dagger (freeze)
rCold  . . .     Clarity  .     (no armour)
rNeg   . . .     rCorr    .     (no shield)
rPois  .         rRot     .     j - +0 hat
rElec  .         Spirit   .     (no cloak)
SustAb .         Warding  .     (no gloves)
rMut   .         Stasis   .     (no boots)
Gourm  .                        (no amulet)
MR     .....                    (no ring)
                                (no ring)

@: mighty, very slightly contaminated, hasted (expiring), invisible, very quick,
not resistant to hostile enchantments, unstealthy
A: no striking features
a: no special abilities


You were on level 6 of the Dungeon.
You were very hungry.

You visited 1 branch of the dungeon, and saw 7 of its levels.

You collected 287 gold pieces.
You spent 198 gold pieces at shops.

Inventory:

Hand weapons
 n - a +2 dagger of freezing (weapon)
Armour
 i - a +0 ring mail
 j - a +0 hat (worn)
Comestibles
 c - 3 bread rations
 k - 4 meat rations
Scrolls
 o - 2 scrolls of recharging
 q - a scroll of enchant weapon
 r - a scroll of enchant armour
Potions
 h - a potion of haste
 z - 2 potions of might
Books
 b - a book of Frost

   Spells                             Type                      Level
   *Freeze                            Ice                          1
   Throw Frost                        Conjuration/Ice              2
   Ozocubu's Armour                   Charms/Ice                   3
   Throw Icicle                       Conjuration/Ice              4
   *Summon Ice Beast                  Ice/Summoning                4
   Condensation Shield                Ice                          4
 s - a book of the Earth

   Spells                             Type                      Level
   Leda's Liquefaction                Hexes/Earth                  4
   Bolt of Magma                      Conjuration/Fire/Earth       5
   Statue Form                        Transmutation/Earth          6
   Iron Shot                          Conjuration/Earth            6
   Shatter                            Earth                        9


   Skills:
 * Level 2.7 Fighting
 + Level 1.9 Armour
 + Level 2.6 Dodging
 + Level 2.9 Stealth
 * Level 3.3 Spellcasting
   Level 0.8 Conjurations
 * Level 2.0 Summonings
 * Level 3.5 Ice Magic


You had 6 spell levels left.
You knew the following spells:

 Your Spells              Type           Power        Failure   Level  Hunger
a - Freeze                Ice            ###.         3%          1    None
b - Summon Ice Beast      Ice/Summ       ###.....     41%         4    ####...


Dungeon Overview and Level Annotations

Branches:
Dungeon (7/15)             Temple (0/1) D:4

Shops:
D:5 *   D:6 [

Annotations:
D:5 Dowan, Duvessa
D:6 Pikel, Prince Ribbit
D:7 Maja's ghost, experienced MiBe


Message History

Confirm with . or Enter, or press ? or * to list all spells.
You don't have the energy to cast that spell.
Unknown command.
Eat which item? (? for menu, Esc to quit)
You are feeling very hungry.
The hound barely misses you. The hound bites you.
* * * LOW HITPOINT WARNING * * *
You continue eating.
The hound bites you.
* * * LOW HITPOINT WARNING * * *
You finish eating.
That beef jerky was delicious!
Casting: Summon Ice Beast
Confirm with . or Enter, or press ? or * to list all spells.
A chill wind blows around you. The hound bites you.
* * * LOW HITPOINT WARNING * * *
Unknown command.
Your extra speed is starting to run out.
Your ice beast closely misses the hound.
The hound bites you.
You die...

..... #..# #.# #..... #..#
##.# #...... #..# #..#
...^r.. #..######..######
.....$..##
#..........##...## ....
#...######................##
....
#.>.........######........#
...## #..###Y..h.##
##..####..# ....##..##
####.@# ##..## ##.. ... ....
##.# ##..## ##. .# #####
##.# ##..## ## .#
########..###..## .##
#.............## ..##
##...........o## #..##
#..#######)...#
###.###..##### ##...#
#.........?# #...#


You could see a hound and a friendly ice beast.

Vanquished Creatures
  A water moccasin (D:6)
  A centaur (D:5)
  A scorpion (D:6)
  A crimson imp (D:6)
  2 worker ants
  Ijyb (D:2)
  A gnoll (D:5)
  4 adders
  A giant mite (D:2)
  2 worms
  2 giant geckos
  6 orcs
  A bat skeleton (D:5)
  3 giant cockroaches
  13 goblins
  11 hobgoblins
  11 kobolds
  8 bats
  6 giant newts
  A goblin skeleton (D:5)
  9 jackals
  A quokka (D:3)
  A quokka skeleton (D:4)
  11 rats
  A spectral orc (D:3)
100 creatures vanquished.

Vanquished Creatures (collateral kills)
  2 slaves (D:6)
  A bat (D:6)
3 creatures vanquished.

Vanquished Creatures (others)
  An eldritch tentacle (D:5)
  5 ice beasts (D:6)
  A giant cockroach (D:5)
  61 eldritch tentacle segments (D:5)
68 creatures vanquished.

Grand Total: 171 creatures vanquished

Notes
Turn   | Place    | Note
--------------------------------------------------------------
     0 | D:1      | Johnny, the Demigod Ice Elementalist, began the quest for the Orb.
     0 | D:1      | Reached XP level 1. HP: 14/14 MP: 3/3
   390 | D:1      | Reached XP level 2. HP: 5/22 MP: 5/5
   855 | D:1      | Reached skill level 3 in Ice Magic
  1037 | D:1      | Reached skill level 1 in Fighting
  1362 | D:2      | Noticed Ijyb
  1383 | D:2      | Killed Ijyb
  1383 | D:2      | Reached XP level 3. HP: 23/28 MP: 0/8
  1621 | D:2      | Reached skill level 1 in Armour
  2052 | D:2      | Reached XP level 4. HP: 23/35 MP: 9/11
  2421 | D:3      | Found a glowing silver altar of Zin.
  2422 | D:3      | Found a shadowy altar of Dithmenos.
  2422 | D:3      | Found a shattered altar of Ashenzari.
  2539 | D:3      | Learned a level 4 spell: Summon Ice Beast
  2584 | D:3      | Found a basalt altar of Yredelemnul.
  3568 | D:4      | Found a staircase to the Ecumenical Temple.
  3818 | D:4      | Reached skill level 1 in Summonings
  3894 | D:4      | Reached XP level 5. HP: 31/41 MP: 7/12
  4112 | D:4      | Found a deep blue altar of Sif Muna.
  4159 | D:5      | Entered Level 5 of the Dungeon
  4187 | D:5      | Found Klobb's Assorted Antiques.
  4191 | D:5      | Bought a fine ring mail for 198 gold pieces
  4203 | D:5      | Identified the cursed -6 ring mail of the Pits of Slime {Str+4 Dex-2} (You bought it in a shop on level 5 of the Dungeon)
  4335 | D:5      | Noticed Duvessa
  4521 | D:5      | Noticed an eldritch tentacle
  4549 | D:5      | Killed an eldritch tentacle
  4638 | D:5      | Noticed Dowan
  4857 | D:6      | Reached XP level 6. HP: 47/49 MP: 9/17
  4977 | D:6      | Noticed Prince Ribbit
  5017 | D:6      | Noticed a water moccasin
  5029 | D:6      | Killed a water moccasin
  5188 | D:6      | Found Guty's Antique Armour Shop.
  5220 | D:6      | Noticed a spatial vortex
  5233 | D:6      | Noticed a slave
  5402 | D:6      | Noticed a slave
  5405 | D:6      | Noticed Pikel
  5407 | D:6      | Noticed a slave
  5407 | D:6      | Noticed a slave
  5415 | D:6      | Killed a slave
  5434 | D:6      | Killed a slave
  5559 | D:7      | Noticed Maja's ghost (experienced MiBe)
  5603 | D:6      | HP: 2/50 [hound (1)]
  5612 | D:6      | Slain by a hound

Action                   |  1- 3 |  4- 6 || total
-------------------------+-------+-------++-------
Melee: Hand axe          |   120 |       ||   120
       Unarmed           |     2 |       ||     2
       Dagger            |    40 |   118 ||   158
 Cast: Freeze            |    19 |    66 ||    85
       Summon Ice Beast  |       |     8 ||     8
  Use: Scroll            |       |    11 ||    11
       Potion            |       |    15 ||    15
 Stab: Sleeping          |       |     2 ||     2
  Eat: Chunk             |     4 |     8 ||    12
       Beef jerky        |       |     2 ||     2
       Pizza             |       |     1 ||     1
